 Dungeon Sprint DCSS version 0.30-a0-222-ge547ba4400 (webtiles) character file.

Game seed: 16667743730807692652

1213 tbh1313 the Bludgeoner (level 8, -5/49 (111) HPs)
             Began as a Troll Berserker on Oct 9, 2022.
             Was a Priest of Trog.
             Slain by Sonja
             ... wielding a +2 short sword of draining
              (8 damage)
             ... in the Dungeon (Sprint I: "Red Sonja").
             The game lasted 00:02:58 (340 turns).

tbh1313 the Bludgeoner (Troll Berserker)             Turns: 340, Time: 00:02:58

HP:   -5/49 (111)   AC:  6    Str: 26    XL:     8   Next: 22%
MP:   7/7           EV: 10    Int:  5    God:    Trog [***...]
Gold: 363           SH:  0    Dex:  9    Spells: 7/7 levels left

rFire   . . .      SeeInvis .    a - +0 giant spiked club
rCold   + . .      Faith    .    (shield currently unavailable)
rNeg    . . .      Spirit   .    i - +2 robe {rC+}
rPois   .          Reflect  .    (helmet restricted)
rElec   .          Harm     .    (no cloak)
rCorr   .          Rampage  .    (gloves unavailable)
Will    ++...      NoTele   +    (boots unavailable)
Stlth   ..........               (no amulet)
HPRegen 2.08/turn                (no ring)
MPRegen 0.10/turn                (no ring)

@: berserking, lethally poisoned (-5 -> -6), strong-willed, regenerating, hasted
and slowed, extremely drained
A: large, unfitting armour, claws 3, regeneration 1, shaggy fur 1, tough skin 1
a: Renounce Religion, Berserk, Trog's Hand


You were in the Dungeon.
You worshipped Trog.
Trog was most pleased with you.
You visited 1 branch You collected 432 gold pieces.
You spent 69 gold pieces at shops.

Inventory:

Hand Weapons
 a - a +0 giant spiked club (weapon)
Armour
 i - a +2 robe of cold resistance (worn)
Scrolls
 h - a scroll of blinking
 j - a scroll of identify {unknown}
 k - a scroll of enchant weapon {unknown}
Potions
 b - a potion of invisibility {unknown}
 f - 2 potions of magic
 g - a potion of berserk rage


   Skills:
 - Level 2.4 Fighting
 + Level 16.5 Maces & Flails
 - Level 2.4 Dodging


You had 7 spell levels left.
You didn't know any spells.
Your spell library was empty.

Dungeon Overview and Level Annotations

Branches:
Dungeon (1/1)

Altars:
Cheibriados
Dithmenos
Elyvilon
Fedhas
Gozag
Hepliaklqana
Kikubaaqudgha
Makhleb
Nemelex Xobeh
Okawaru
Qazlal
Ru
Sif Muna
Trog
Uskayaw
Vehumet
Wu Jian
Xom
Yredelemnul
Zin
The Shining One
Jiyva
Lugonu

Shops:
D *

Annotations:
D Sonja


Innate Abilities, Weirdness & Mutations

You are too large for most types of armour.
You have claws for hands.
Your natural rate of healing is unusually fast.
You are covered in fur. (AC +1)
You have tough skin. (AC +1)


Message History

You open the door.
There is an open door here.
You close the door.
Sonja opens the door.
Your skin crawls.
You feel strong-willed.
Sonja hits you with a +2 short sword of draining.
You feel drained. Sonja barely misses you. Sonja completely misses you.
You miss Sonja. Sonja hits you but does no damage.
You feel drained.
Sonja hits you with a +2 short sword of draining.
You feel drained.
Sonja hits you with a +2 short sword of draining.
You feel drained.
You completely miss Sonja.
Sonja hits you with a +2 short sword of draining.
You feel drained. Sonja barely misses you.
Sonja hits you with a +2 short sword of draining.
You feel drained.
Sonja mumbles some strange words.
Sonja blinks!
A red film seems to cover your vision as you go berserk!
You feel yourself moving faster!
You feel mighty!
You can no longer call in reinforcements.
Sonja throws a curare-tipped dart.
The curare-tipped dart hits you.
You are poisoned.
You have difficulty breathing.
You feel as though you will be slow longer.
You feel a strong urge to attack something.
You feel sick.
Sonja hits you with a +2 short sword of draining!
You feel drained. Sonja hits you but does no damage.
You feel drained.
Sonja hits you with a +2 short sword of draining.
You feel drained.
There is an open door, spattered with blood here.
You completely miss Sonja.
You feel sick.
Sonja hits you with a +2 short sword of draining!
* * * LOW HITPOINT WARNING * * *
You feel drained.
* * * LOW HITPOINT WARNING * * *
Sonja hits you with a +2 short sword of draining!
You die...

#..#####'#####'#__####...+
#..####..#...#)#### #####
#..#__####K.##)#
#..#_____##'#_.+
#⌠⌠#_.∩...†..._#
####_..__##_.#'#
#_____###'#[#
##########.###
........@K.$+
#++++####$.$# ##.## #+#


You could see Sonja.

Levels and vault maps discovered:
D:        dungeon_sprint_1 [red_sonja_temple_1, red_sonja_temple_small_1]

Notes
Turn   | Place    | Note
-------+----------+-------------------------------------------
     0 | D        | tbh1313 the Troll Berserker began the quest for the Orb.
     0 | D        | Reached XP level 1. HP: 22/22 MP: 0/0
     1 | D        | Noticed Ijyb
    51 | D        | Killed Ijyb
    52 | D        | Reached skill level 6 in Maces & Flails
    52 | D        | Reached XP level 2. HP: 16/29 MP: 1/1
    81 | D        | Noticed an ogre
    87 | D        | Killed an ogre
    88 | D        | Reached skill level 8 in Maces & Flails
    88 | D        | Reached XP level 3. HP: 17/36 MP: 2/2
    88 | D        | Reached XP level 4. HP: 21/44 MP: 3/3
   118 | D        | Noticed Sigmund
   124 | D        | Killed Sigmund
   124 | D        | Reached ** piety under Trog
   125 | D        | Reached skill level 11 in Maces & Flails
   125 | D        | Reached XP level 5. HP: 50/50 MP: 4/4
   152 | D        | Found an ornate altar of the Wu Jian Council.
   152 | D        | Found a shimmering blue altar of Sif Muna.
   154 | D        | Found a radiant altar of Vehumet.
   160 | D        | Reached skill level 12 in Maces & Flails
   160 | D        | Reached XP level 6. HP: 59/59 MP: 5/5
   176 | D        | Found Juxou's Assorted Antiques.
   176 | D        | Found an ancient bone altar of Kikubaaqudgha.
   176 | D        | Found a hazy altar of Hepliaklqana.
   176 | D        | Found a stormy altar of Qazlal.
   176 | D        | Found a hide-covered altar of Uskayaw.
   176 | D        | Found a blossoming altar of Fedhas.
   176 | D        | Found a bloodstained altar of Trog.
   176 | D        | Found an iron altar of Okawaru.
   176 | D        | Found a basalt altar of Yredelemnul.
   176 | D        | Found a glowing golden altar of the Shining One.
   176 | D        | Found a snail-covered altar of Cheibriados.
   176 | D        | Found a sacrificial altar of Ru.
   176 | D        | Found a glowing silver altar of Zin.
   176 | D        | Found a shadowy altar of Dithmenos.
   176 | D        | Found a white marble altar of Elyvilon.
   176 | D        | Noticed a yak
   181 | D        | Killed a yak
   182 | D        | Reached skill level 13 in Maces & Flails
   183 | D        | Found an opulent altar of Gozag.
   198 | D        | Found a sparkling altar of Nemelex Xobeh.
   202 | D        | Bought a fuming clear potion for 21 gold pieces
   202 | D        | Bought a scroll labelled GANIATSOLI for 24 gold pieces
   202 | D        | Bought a scroll labelled WEK CIASIUMYEGRU for 24 gold
                  | pieces
   216 | D        | Found a viscous altar of Jiyva.
   216 | D        | Found a corrupted altar of Lugonu.
   216 | D        | Noticed a slime creature
   217 | D        | Found a burning altar of Makhleb.
   217 | D        | Found a shimmering altar of Xom.
   223 | D        | Killed a slime creature
   224 | D        | Reached skill level 14 in Maces & Flails
   224 | D        | Reached XP level 7. HP: 31/66 MP: 6/6
   268 | D        | Noticed a kobold demonologist
   268 | D        | Noticed a kobold demonologist
   269 | D        | Paralysed by a floating eye for 4 turns
   273 | D        | Reached *** piety under Trog
   276 | D        | Noticed an orange demon
   279 | D        | Killed a kobold demonologist
   280 | D        | Reached skill level 15 in Maces & Flails
   283 | D        | Killed a kobold demonologist
   283 | D        | Reached **** piety under Trog
   284 | D        | Reached skill level 16 in Maces & Flails
   284 | D        | Reached XP level 8. HP: 56/74 MP: 7/7
   314 | D        | Noticed Sonja
   340 | D        | HP: 3/49 [Sonja/+2 short sword of draining (4)]
   340 | D        | Slain by Sonja

Table legend: (Time is in decaauts)
 A = Elapsed time spent in this place.
 B = Non-inter-level travel time spent in this place.
 C = Inter-level travel time spent in this place.
 D = Time resting spent in this place.
 E = Time spent auto-exploring this place.
 F = Levels seen in this place.
 G = Mean time per level.
                   A        B        C        D        E       F      G
               +--------+--------+--------+--------+--------+-----+--------+
         Total |    388 |    388 |      0 |    121 |      1 |   1 |  388.0 |
       Dungeon |    388 |    388 |      0 |    121 |      1 |   1 |  388.0 |
               +--------+--------+--------+--------+--------+-----+--------+

Top non-repeatable levels by time:
       D: 388 daAuts

Table legend:
 A = Kills in this place as a percentage of kills in entire the game.
 B = Kills by you in this place as a percentage of kills by you in the entire game.
 C = Kills by friends in this place as a percentage of kills by friends in the entire game.
 D = Other kills in this place as a percentage of other kills in the entire game.
 E = Experience gained in this place as a percentage of experience gained in the entire game.
 F = Experience gained in this place divided by the number of levels of this place that you have seen.
                   A       B       C       D       E      F
               +-------+-------+-------+-------+-------+----------------------
         Total | 100.0 | 100.0 |   N/A |   N/A | 100.0 | 1734.0
       Dungeon | 100.0 | 100.0 |   N/A |   N/A | 100.0 | 1734.0
               +-------+-------+-------+-------+-------+----------------------

Action                   |  1- 3 |  4- 6 |  7- 9 || total
-------------------------+-------+-------+-------++-------
Melee: Mace              |    26 |       |       ||    26
       Giant spiked club |       |    18 |    20 ||    38
Invok: Berserk           |     2 |     1 |     2 ||     5
       Trog's Hand       |       |       |     1 ||     1
  Use: Potion            |       |       |     4 ||     4
Armor: Animal skin       |     8 |       |       ||     8
       Robe              |       |     6 |    12 ||    18
Dodge: Dodged            |    14 |     7 |    10 ||    31

Vanquished Creatures
  2 kobold demonologists (D)
  A slime creature (D)
  Sigmund (D)
  A yak (D)
  A floating eye (D)
  An ogre (D)
  A jelly (D)
  Ijyb (D)
9 creatures vanquished.
